[ AOE2 MATCH · #489831364 ]
1v1 RMMongols vs Franks
Player's team · WIN
Rival team · LOSS
[ REPLAY ANALYSIS · EXTRACTED FROM THE RECORDED GAME ]
Feudal
8:19
Castle
22:17
Imperial
49:32
| APM avg | 43.4 |
| APM peak | 95 |
| eAPM avg | 18.3 |
| Villagers / military | 122 / 166 |
Focus
⚔️ 36.6% · 🌾 63.4%
Scout Cavalry ×71 · Cavalry Archer ×48 · Knight ×25 · Mangudai ×12 · Trebuchet (Packed) ×8 · Spearman ×2
Feudal
9:21
Castle
23:23
Imperial
—
| APM avg | 48.9 |
| APM peak | 105 |
| eAPM avg | 22.6 |
| Villagers / military | 70 / 76 |
Focus
⚔️ 24.8% · 🌾 75.2%
Skirmisher ×33 · Battering Ram ×14 · Scout Cavalry ×11 · Knight ×11 · Archer ×6 · Spearman ×1
Match map
Initial resources + every placement click. Lines = walls · curves = elevation contours. ◆ gold · ⬟ stone · ● berries · ✦ relic · ◌ wall gap
Your base· Open — 1t gap
雫畑躾's base· ✓ Closed at 23:23 · 34t walls · 1 gate(s)
Smoothed initial terrain · ◌ = detected wall gap · hover for details
Inputs per minute
— liveSettings - - 雫畑躾
Build order — liveSettings
First 150 of 435 actions detected
| 0:00 | Create | Villager (Male) |
| 0:01 | Create | Villager (Male) |
| 0:01 | Create | Villager (Male) |
| 0:02 | Build | House |
| 0:04 | Build | House |
| 0:07 | Create | Villager (Male) |
| 1:24 | Create | Villager (Male) |
| 1:49 | Build | Lumber Camp |
| 2:00 | Create | Villager (Male) |
| 2:16 | Create | Villager (Male) |
| 2:54 | Create | Villager (Male) |
| 2:55 | Create | Villager (Male) |
| 3:10 | Build | House |
| 3:12 | Create | Villager (Male) |
| 3:12 | Create | Villager (Male) |
| 3:50 | Create | Villager (Male) |
| 4:06 | Create | Villager (Male) |
| 4:18 | Create | Villager (Male) |
| 4:21 | Build | Mill |
| 4:39 | Create | Villager (Male) |
| 5:27 | Research | Loom |
| 6:09 | Research | Feudal Age |
| 7:42 | Build | Barracks |
| 8:13 | Build | House |
| 8:19 | Age | Feudal Age |
| 8:23 | Create | Villager (Male) |
| 8:24 | Create | Villager (Male) |
| 8:24 | Research | Double-Bit Axe |
| 8:47 | Create | Villager (Male) |
| 9:12 | Build | Stable |
| 9:23 | Create | Villager (Male) |
| 9:34 | Research | Horse Collar |
| 9:37 | Create | Villager (Male) |
| 10:08 | Create | Scout Cavalry |
| 10:08 | Create | Scout Cavalry |
| 10:15 | Build | House |
| 10:28 | Build | Farm |
| 10:30 | Build | Farm |
| 10:33 | Build | Farm |
| 10:39 | Create | Villager (Male) |
| 10:43 | Build | Farm |
| 10:44 | Create | Scout Cavalry |
| 10:55 | Create | Scout Cavalry |
| 11:12 | Build | Farm |
| 11:14 | Build | Farm |
| 11:19 | Build | House |
| 11:21 | Build | Palisade Wall |
| 12:16 | Create | Villager (Male) |
| 12:46 | Build | Farm |
| 12:46 | Create | Villager (Male) |
| 12:47 | Create | Scout Cavalry |
| 12:49 | Create | Villager (Male) |
| 12:52 | Build | Farm |
| 13:22 | Build | Farm |
| 13:24 | Create | Villager (Male) |
| 13:24 | Create | Villager (Male) |
| 14:02 | Build | Farm |
| 14:05 | Create | Villager (Male) |
| 14:05 | Create | Villager (Male) |
| 14:30 | Build | Farm |
| 14:35 | Build | House |
| 14:37 | Build | Palisade Wall |
| 15:12 | Build | Farm |
| 15:15 | Build | Farm |
| 15:20 | Create | Scout Cavalry |
| 15:23 | Build | Farm |
| 15:24 | Create | Villager (Male) |
| 15:46 | Create | Spearman |
| 15:49 | Create | Villager (Male) |
| 15:53 | Build | Mining Camp |
| 16:11 | Create | Villager (Male) |
| 16:23 | Build | Blacksmith |
| 16:26 | Build | Palisade Wall |
| 16:37 | Build | House |
| 16:39 | Build | Palisade Wall |
| 16:41 | Create | Villager (Male) |
| 16:51 | Build | Farm |
| 16:57 | Build | Farm |
| 17:03 | Build | Farm |
| 17:16 | Build | House |
| 17:20 | Build | Palisade Wall |
| 17:22 | Build | Palisade Wall |
| 17:32 | Create | Villager (Male) |
| 17:33 | Create | Villager (Male) |
| 18:15 | Create | Villager (Male) |
| 18:19 | Research | Wheelbarrow |
| 18:44 | Build | Farm |
| 18:47 | Build | Farm |
| 19:02 | Create | Spearman |
| 19:10 | Build | House |
| 19:23 | Research | Castle Age |
| 20:03 | Build | House |
| 20:25 | Build | House |
| 20:39 | Research | Bloodlines |
| 20:41 | Research | Fletching |
| 20:41 | Research | Padded Archer Armor |
| 20:44 | Build | Archery Range |
| 20:48 | Build | Archery Range |
| 21:10 | Research | Gold Mining |
| 21:24 | Build | House |
| 21:29 | Build | House |
| 21:54 | Build | House |
| 22:17 | Age | Castle Age |
| 22:19 | Create | Cavalry Archer |
| 22:19 | Create | Cavalry Archer |
| 22:19 | Create | Cavalry Archer |
| 22:20 | Research | Bodkin Arrow |
| 22:36 | Build | University |
| 22:44 | Create | Villager (Male) |
| 22:45 | Create | Villager (Male) |
| 22:45 | Create | Villager (Male) |
| 22:47 | Research | Bow Saw |
| 22:56 | Create | Cavalry Archer |
| 23:38 | Create | Cavalry Archer |
| 23:51 | Build | Town Center |
| 24:01 | Create | Cavalry Archer |
| 24:01 | Create | Cavalry Archer |
| 24:04 | Create | Villager (Male) |
| 24:04 | Create | Villager (Male) |
| 24:26 | Create | Cavalry Archer |
| 24:26 | Create | Cavalry Archer |
| 24:43 | Build | Farm |
| 24:58 | Create | Cavalry Archer |
| 24:59 | Create | Cavalry Archer |
| 25:34 | Research | Husbandry |
| 25:36 | Create | Cavalry Archer |
| 25:36 | Create | Cavalry Archer |
| 26:03 | Create | Cavalry Archer |
| 26:04 | Create | Villager (Male) |
| 26:04 | Create | Villager (Male) |
| 26:04 | Create | Villager (Male) |
| 26:07 | Create | Villager (Male) |
| 26:08 | Create | Villager (Male) |
| 26:14 | Create | Cavalry Archer |
| 26:14 | Create | Cavalry Archer |
| 26:51 | Research | Ballistics |
| 27:12 | Create | Villager (Male) |
| 27:32 | Create | Cavalry Archer |
| 27:33 | Create | Cavalry Archer |
| 27:44 | Build | Outpost |
| 27:53 | Create | Villager (Male) |
| 27:53 | Create | Villager (Male) |
| 27:53 | Create | Villager (Male) |
| 27:54 | Create | Villager (Male) |
| 28:00 | Create | Cavalry Archer |
| 28:03 | Create | Cavalry Archer |
| 28:46 | Create | Villager (Male) |
| 28:47 | Create | Villager (Male) |
| 28:48 | Create | Cavalry Archer |
| 28:49 | Create | Cavalry Archer |
Build order — 雫畑躾
First 150 of 228 actions detected
| 0:01 | Create | Villager (Male) |
| 0:01 | Create | Villager (Male) |
| 0:02 | Create | Villager (Male) |
| 0:02 | Create | Villager (Male) |
| 0:03 | Build | House |
| 0:06 | Build | House |
| 1:26 | Create | Villager (Male) |
| 1:56 | Build | Lumber Camp |
| 2:35 | Create | Villager (Male) |
| 2:36 | Create | Villager (Male) |
| 3:00 | Create | Villager (Male) |
| 3:00 | Create | Villager (Male) |
| 3:26 | Create | Villager (Male) |
| 4:10 | Build | House |
| 4:14 | Create | Villager (Male) |
| 4:14 | Create | Villager (Male) |
| 4:26 | Build | Mill |
| 4:46 | Create | Villager (Male) |
| 5:05 | Create | Villager (Male) |
| 5:35 | Create | Villager (Male) |
| 5:41 | Create | Villager (Male) |
| 5:41 | Research | Loom |
| 7:07 | Research | Feudal Age |
| 8:13 | Build | House |
| 8:32 | Build | Palisade Wall |
| 8:37 | Build | Palisade Wall |
| 8:45 | Create | Villager (Male) |
| 8:51 | Build | Barracks |
| 8:55 | Build | House |
| 9:08 | Create | Villager (Male) |
| 9:17 | Build | House |
| 9:21 | Age | Feudal Age |
| 9:26 | Research | Double-Bit Axe |
| 9:43 | Build | Palisade Wall |
| 9:46 | Create | Spearman |
| 10:07 | Build | Palisade Wall |
| 10:20 | Build | Stable |
| 10:41 | Build | Farm |
| 11:15 | Create | Scout Cavalry |
| 11:16 | Create | Scout Cavalry |
| 11:29 | Build | Palisade Gate |
| 11:32 | Build | Palisade Wall |
| 12:22 | Build | Farm |
| 12:37 | Build | Barracks |
| 13:03 | Build | Palisade Wall |
| 13:07 | Build | Farm |
| 13:25 | Build | Farm |
| 14:02 | Create | Villager (Male) |
| 14:03 | Create | Villager (Male) |
| 14:17 | Create | Villager (Male) |
| 14:17 | Create | Villager (Male) |
| 14:17 | Create | Villager (Male) |
| 14:29 | Build | Farm |
| 14:30 | Create | Villager (Male) |
| 14:30 | Create | Villager (Male) |
| 14:32 | Create | Scout Cavalry |
| 14:32 | Create | Scout Cavalry |
| 14:36 | Build | Farm |
| 15:14 | Create | Villager (Male) |
| 15:23 | Build | Farm |
| 15:24 | Create | Villager (Male) |
| 15:44 | Create | Scout Cavalry |
| 15:49 | Build | Farm |
| 16:02 | Create | Villager (Male) |
| 16:07 | Build | Farm |
| 16:09 | Build | Farm |
| 16:11 | Build | Farm |
| 16:14 | Build | Farm |
| 16:15 | Build | Farm |
| 16:18 | Build | Farm |
| 16:19 | Create | Villager (Male) |
| 16:27 | Create | Scout Cavalry |
| 16:40 | Build | Mining Camp |
| 16:44 | Create | Villager (Male) |
| 16:44 | Create | Villager (Male) |
| 16:59 | Build | Palisade Wall |
| 17:02 | Build | House |
| 17:16 | Create | Scout Cavalry |
| 17:20 | Create | Villager (Male) |
| 17:20 | Create | Villager (Male) |
| 17:41 | Create | Scout Cavalry |
| 17:56 | Create | Villager (Male) |
| 18:06 | Create | Scout Cavalry |
| 18:15 | Build | Farm |
| 19:03 | Build | Farm |
| 19:35 | Build | Farm |
| 19:39 | Build | Farm |
| 19:44 | Build | Archery Range |
| 19:54 | Build | House |
| 20:38 | Research | Castle Age |
| 20:41 | Create | Archer |
| 20:41 | Create | Archer |
| 20:41 | Create | Archer |
| 20:54 | Build | Blacksmith |
| 20:58 | Build | Lumber Camp |
| 21:04 | Build | Lumber Camp |
| 21:14 | Create | Archer |
| 21:41 | Research | Fletching |
| 22:02 | Create | Archer |
| 22:06 | Research | Scale Barding Armor |
| 22:31 | Create | Scout Cavalry |
| 22:32 | Create | Scout Cavalry |
| 22:40 | Create | Archer |
| 22:46 | Build | House |
| 22:55 | Create | Skirmisher |
| 22:55 | Create | Skirmisher |
| 22:56 | Create | Skirmisher |
| 23:23 | Age | Castle Age |
| 23:38 | Create | Knight |
| 23:38 | Create | Knight |
| 23:45 | Create | Skirmisher |
| 23:45 | Create | Skirmisher |
| 24:06 | Create | Skirmisher |
| 24:13 | Build | Archery Range |
| 24:18 | Create | Knight |
| 24:18 | Create | Knight |
| 24:38 | Research | Elite Skirmisher (upgrade) |
| 25:27 | Create | Skirmisher |
| 25:27 | Create | Skirmisher |
| 25:27 | Create | Skirmisher |
| 25:49 | Create | Skirmisher |
| 25:49 | Create | Skirmisher |
| 25:52 | Research | Bodkin Arrow |
| 26:05 | Create | Skirmisher |
| 26:05 | Create | Skirmisher |
| 26:06 | Create | Villager (Male) |
| 26:06 | Create | Villager (Male) |
| 26:08 | Build | House |
| 26:10 | Create | Skirmisher |
| 26:10 | Create | Skirmisher |
| 26:12 | Create | Knight |
| 26:12 | Create | Knight |
| 26:18 | Create | Villager (Male) |
| 26:18 | Create | Villager (Male) |
| 26:32 | Build | Town Center |
| 26:36 | Build | House |
| 26:37 | Build | House |
| 26:50 | Create | Knight |
| 26:56 | Build | University |
| 27:33 | Create | Skirmisher |
| 27:33 | Create | Skirmisher |
| 27:44 | Build | Farm |
| 27:48 | Create | Villager (Male) |
| 27:48 | Create | Villager (Male) |
| 27:49 | Create | Villager (Male) |
| 27:54 | Create | Knight |
| 27:54 | Create | Knight |
| 28:05 | Build | House |
| 28:31 | Create | Skirmisher |
| 28:31 | Create | Skirmisher |
Match timeline
| 7:42 | liveSettings · first_building Barracks |
| 8:19 | liveSettings · age_up feudal |
| 8:32 | 雫畑躾 · wall_segment Palisade Wall x10 |
| 8:37 | 雫畑躾 · wall_segment Palisade Wall x7 |
| 8:51 | 雫畑躾 · first_building Barracks |
| 9:12 | liveSettings · first_building Stable |
| 9:21 | 雫畑躾 · age_up feudal |
| 9:43 | 雫畑躾 · wall_segment Palisade Wall x6 |
| 10:07 | 雫畑躾 · wall_segment Palisade Wall x1 |
| 10:20 | 雫畑躾 · first_building Stable |
| 11:21 | liveSettings · wall_segment Palisade Wall x5 |
| 11:32 | 雫畑躾 · wall_segment Palisade Wall x9 |
| 13:03 | 雫畑躾 · wall_segment Palisade Wall x1 |
| 14:37 | liveSettings · wall_segment Palisade Wall x12 |
| 16:26 | liveSettings · wall_segment Palisade Wall x1 |
| 16:39 | liveSettings · wall_segment Palisade Wall x4 |
| 16:59 | 雫畑躾 · wall_segment Palisade Wall x1 |
| 17:20 | liveSettings · wall_segment Palisade Wall x13 |
| 17:22 | liveSettings · wall_segment Palisade Wall x1 |
| 19:44 | 雫畑躾 · first_building Archery Range |
| 20:44 | liveSettings · first_building Archery Range |
| 22:17 | liveSettings · age_up castle |
| 23:23 | 雫畑躾 · age_up castle |
| 29:01 | liveSettings · first_building Castle |
| 32:02 | 雫畑躾 · first_building Siege Workshop |
| 33:47 | 雫畑躾 · first_building Castle |
| 37:35 | 雫畑躾 · first_market_buy 100 wood |
| 37:51 | 雫畑躾 · first_market_sell 100 food |
| 46:16 | liveSettings · first_market_buy 100 food |
| 49:32 | liveSettings · age_up imperial |
| 53:10 | 雫畑躾 · resign |
[ AI ANALYSIS · 1 CREDIT ]
What really happened in this match?
Wolo.gg analyzes every decision: build order, eco, micro, common mistakes by bracket. Personalized analysis on WhatsApp or Discord in 30 seconds.
Civ guide
Mongols
Map guide
Arabia
Perfil
Jugador #25001087